AoeStats
← Potake26

Black Forest

506307532Analyzed
2v2 RM · 18d ago on Sep 13, 2026· 68m 18s· 4 players
Game mode
Random Map
Map size
Medium (4 player)
Population
200
Speed
Normal
Resources
Standard
Victory
Conquest
Starting age
Dark Age
Ending age
Imperial Age
RankedLock teamsTeams togetherTeam positionsShared explorationLock speedFull tech treeHidden civsTurbo modeCheats
Victory
Defeat
🇺🇸 Japanese · United States
723
+19
🇺🇸 Khmer · United States
723
+19
🇺🇸 Japanese · United States
754
-18
🇺🇸 Spanish · United States
717
-16
SimonAM
12:01 Feudal Age
11:05 Loom
14:29 Double-Bit Axe
14:28 Horse Collar
16:02 Wheelbarrow
21:22 Castle Age
22:39 Hand Cart
32:45 Imperial Age
31:54 Town Watch
32:09 Gold Mining
32:09 Stone Mining
32:36 Bow Saw
32:47 Heavy Plow
33:30 Forging
33:20 Scale Mail Armor
35:48 Kataparuto
35:49 Conscription
35:20 Heavy Scorpion
37:17 Gold Shaft Mining
38:06 Chain Mail Armor
38:45 Pikeman
40:03 Plate Mail Armor
40:08 Iron Casting
39:39 Caravan
39:29 Gambesons
39:48 Squires
40:28 Arson
40:05 Halberdier
43:03 Fortified Wall
42:49 Murder Holes
43:15 Ballistics
42:37 Treadmill Crane
43:11 Masonry
53:21 Blast Furnace
60:54 Siege Engineers
marin
7:52 Loom
10:07 Feudal Age
12:26 Double-Bit Axe
12:59 Horse Collar
20:13 Castle Age
21:00 Heavy Plow
21:12 Bow Saw
21:50 Gold Mining
24:02 Husbandry
24:13 Bloodlines
27:41 Wheelbarrow
26:35 Light Cavalry
28:40 Hand Cart
28:17 Town Watch
28:38 Stone Mining
35:35 Imperial Age
36:12 Onager
39:01 Gold Shaft Mining
39:01 Stone Shaft Mining
38:32 Hussar
40:22 Elite Battle Elephant
43:58 Double Crossbow
43:59 Tusk Swords
44:22 Conscription
48:55 Scale Barding Armor
49:01 Forging
48:44 Fletching
53:56 Chain Barding Armor
54:12 Iron Casting
53:34 Bodkin Arrow
57:00 Ballistics
57:41 Chemistry
57:05 Heavy Scorpion
59:16 Chain Barding Armor
61:04 Fortified Wall
60:50 Murder Holes
61:02 Siege Engineers
64:00 Plate Barding Armor
64:25 Blast Furnace
Potake26
0:28 Loom
15:12 Feudal Age
20:36 Horse Collar
20:45 Double-Bit Axe
23:13 Gold Mining
25:37 Castle Age
24:21 Stone Mining
27:44 Wheelbarrow
29:27 Bow Saw
31:38 Fishing Lines
32:56 Gillnets
37:36 Fortified Wall
37:07 Treadmill Crane
37:38 Town Watch
38:08 Forging
38:03 Scale Barding Armor
37:49 Fletching
38:00 Padded Archer Armor
38:01 Scale Mail Armor
38:22 Hand Cart
40:52 Imperial Age
41:38 Gold Shaft Mining
41:41 Iron Casting
41:26 Chain Barding Armor
41:02 Bodkin Arrow
41:22 Leather Archer Armor
41:32 Ballistics
41:54 Conscription
41:44 Town Patrol
42:45 Elite Samurai
43:48 Kataparuto
44:05 Pikeman
46:03 Gambesons
46:19 Squires
45:43 Light Cavalry
46:36 Bloodlines
46:26 Husbandry
47:15 Cavalier
48:15 Chain Mail Armor
48:25 Caravan
55:08 Halberdier
58:17 Two-Man Saw
56:57 Man-at-Arms
62:00 Hoardings
61:41 Long Swordsman
62:09 Arson
62:28 Two-Handed Swordsman
66:20 Plate Mail Armor
66:51 Blast Furnace
MINNY MITT
0:28 Loom
12:15 Feudal Age
15:09 Town Watch
15:28 Stone Mining
19:45 Double-Bit Axe
21:38 Horse Collar
27:50 Castle Age
27:34 Gold Mining
31:09 Fortified Wall
31:12 Careening
30:59 Murder Holes
31:48 Heavy Plow
32:05 Bow Saw
32:10 Scale Barding Armor
32:16 Forging
32:08 Scale Mail Armor
39:54 Imperial Age
38:48 Town Patrol
40:13 Chain Barding Armor
40:29 Iron Casting
40:10 Chain Mail Armor
40:45 Caravan
42:30 Wheelbarrow
42:10 Cavalier
43:02 Bloodlines
42:52 Husbandry
42:48 Arrowslits
44:39 Plate Barding Armor
45:05 Blast Furnace
45:43 Chemistry
45:36 Conscription
48:40 Paladin
50:11 Hand Cart
49:53 Man-at-Arms
50:19 Arson
50:35 Squires
50:21 Gambesons
50:35 Long Swordsman
51:55 Plate Mail Armor
51:29 Two-Handed Swordsman
52:39 Champion
58:44 Elite Conquistador
60:19 Bombard Tower
Connection lost

Rejoining the realm…

Still unreachable

The connection could not be restored.

Session expired

The server has moved on; the page needs a fresh start.